 Dungeon Crawl Stone Soup version 0.25.1-2-g60ff931df9 (webtiles) character file.

Game seed: 5840309437744354381

95 Turner1 the Distorting Demonspawn (level 4, -3/35 HPs)
             Began as a Demonspawn Abyssal Knight on Oct 6, 2020.
             Was a Believer of Lugonu.
             Slain by a gnoll
             ... wielding a +0 halberd
              (10 damage)
             ... on level 2 of the Dungeon.
             The game lasted 00:05:53 (2011 turns).

Turner1 the Distorting Demonspawn (DsAK)            Turns: 2011, Time: 00:05:54

Health: -3/35      AC:  7    Str: 14    XL:     4   Next: 40%
Magic:  7/7        EV:  6    Int: 13    God:    Lugonu [**....]
Gold:   49         SH:  7    Dex: 12    Spells: 3/3 levels left

rFire    . . .     SeeInvis .   a - +1 falchion
rCold    . . .     Gourm    .   h - +0 kite shield
rNeg     . . .     Faith    .   e - +0 scale mail
rPois    .         Spirit   .   (no helmet)
rElec    .         Reflect  .   d - +0 cloak
rCorr    .         Harm     .   (no gloves)
MR       .....                  (no boots)
Stlth    ++........             (no amulet)
HPRegen  0.11/turn              b - ring of stealth
MPRegen  0.10/turn              (no ring)

@: no status effects
A: claws 1
a: Depart the Abyss, Bend Space, Renounce Religion


You were on level 2 of the Dungeon.
You worshipped Lugonu.
Lugonu was pleased with you.
You were not hungry.

You visited 1 branch of the dungeon, and saw 2 of its levels.
You visited the Abyss 1 time.

You collected 49 gold pieces.

Inventory:

Hand Weapons
 a - a +1 falchion (weapon)
Armour
 d - a +0 cloak (worn)
 e - a +0 scale mail (worn)
 h - a +0 kite shield (worn)
Jewellery
 b - a ring of stealth (left claw)
Scrolls
 g - 5 scrolls of identify {unknown}
 j - a scroll of teleportation {unknown}
 k - a scroll of remove curse {unknown}
 l - a scroll of enchant weapon {unknown}
Potions
 f - a potion of haste {unknown}
 i - a potion of brilliance {unknown}
Comestibles
 c - 3 rations


   Skills:
 - Level 3.0 Fighting
 - Level 1.7 Long Blades
 + Level 2.0 Armour
 - Level 0.8 Dodging
 * Level 2.2 Stealth
 * Level 1.7 Shields
 * Level 4.0 Invocations


You had 3 spell levels left.
You didn't know any spells.
Your spell library was empty.

Dungeon Overview and Level Annotations

Branches:
Dungeon (2/15)

Altars:
Makhleb
Nemelex Xobeh
Trog
Zin
The Shining One

Annotations:
D:2 Jessica


Innate Abilities, Weirdness & Mutations

You have sharp fingernails.


Message History

The gnoll is engulfed in a cloud of scalding steam.
The gnoll dies!
There is a stone staircase leading down here.
You block the gnoll's attack. The gnoll barely misses you.
You block the gnoll's attack. The gnoll closely misses you.
The gnoll hits you but does no damage.
You see here a +0 club.
The gnoll hits you from afar with a +0 spear.
You block the gnoll's attack.
There is a stone staircase leading up here.
You block the gnoll's attack.
The gnoll hits you from afar with a +0 spear.
The gnoll barely misses you. You block the gnoll's attack.
The gnoll hits you from afar with a +0 halberd!
The gnoll hits you with a +0 spear.
* * * LOW HITPOINT WARNING * * *
The gnoll hits you from afar with a +0 halberd!
You die...

..≈≈≈≈.....##...#....#
..≈≈≈≈.....##..#####.#######
.≈≈≈≈§≈....##..............#
≈≈≈≈§≈≈≈≈..##.#.......####.#
≈≈≈≈≈≈≈≈≈≈≈##.#.#..#.#####.#
≈≈≈§§≈≈≈...##..............#
≈§§§§≈≈............#########
§§§§§≈§.....##.#...#.###
§§≈§≈≈.......#.)@.<#...#
§.§.≈≈).......>.g#.....#
....≈§..........g......#
..........^.#########..#
..########### #........# ###
#.######.# . #.#....#.# .
#.#.##.#.# . #.#.#....#


You could see 2 gnolls.

Vanquished Creatures
  A worker ant (D:2)
  2 adders
  A worm (D:2)
  2 leopard geckos
  6 bats
  2 giant cockroaches
  5 hobgoblins
  7 jackals (D:1)
  5 kobolds
  2 quokkas (D:2)
  A ball python (D:2)
  A frilled lizard (D:1)
  6 goblins
  8 rats (D:1)
49 creatures vanquished.

Vanquished Creatures (others)
  A gnoll (D:2)
1 creature vanquished.

Grand Total: 50 creatures vanquished

Notes
Turn   | Place    | Note
-------+----------+-------------------------------------------
     0 | Abyss:1  | Turner1 the Demonspawn Abyssal Knight began the quest for
                  | the Orb.
     0 | Abyss:1  | Reached XP level 1. HP: 18/18 MP: 2/2
    27 | D:1      | Escaped the Abyss
   103 | D:1      | Reached skill level 1 in Stealth
   262 | D:1      | Reached skill level 3 in Invocations
   262 | D:1      | Gained mutation: You have sharp fingernails. [demonic
                  | ancestry]
   262 | D:1      | Reached XP level 2. HP: 24/24 MP: 2/4
   297 | D:1      | Reached ** piety under Lugonu
   592 | D:1      | Reached XP level 3. HP: 29/29 MP: 5/5
  1120 | D:1      | Reached skill level 1 in Shields
  1304 | D:2      | Found a glowing golden altar of the Shining One.
  1312 | D:2      | Found a glowing silver altar of Zin.
  1318 | D:2      | Found a bloodstained altar of Trog.
  1322 | D:2      | Found a sparkling altar of Nemelex Xobeh.
  1323 | D:2      | Found a burning altar of Makhleb.
  1382 | D:2      | Noticed Jessica
  1723 | D:2      | Reached skill level 4 in Invocations
  1723 | D:2      | Reached XP level 4. HP: 20/35 MP: 5/7
  2011 | D:2      | Slain by a gnoll

Illustrated notes

Levels and vault maps discovered:
D:1:      shiori_arrival_maze, layout_loops_ring
D:2:      layout_basic, minitemple, chequers_ecumenical_altar_simple_redux,
          lemuel_old_faithful, uniq_jessica

Skill      XL: |  1  2  3  4 |
---------------+-------------+-----
Stealth        | 1 2 |  2.2
Invocations    | 3 4 |  4.0
Shields        | 1 |  1.7
Armour         | 2 |  2.0
Fighting       | |  3.0
Long Blades    | |  1.7
Dodging        | |  0.8

Action                   |  1- 3 |  4- 6 || total
-------------------------+-------+-------++-------
Melee: Falchion          |   172 |    16 ||   188
 Stab: Sleeping          |     1 |       ||     1
  Eat: Chunk             |     3 |     1 ||     4
Armor: Leather armour    |    23 |       ||    23
       Scale mail        |    85 |     5 ||    90
Dodge: Dodged            |    83 |     6 ||    89
Block: Kite shield       |    59 |    11 ||    70
       Rpst.: Falchion   |    25 |     2 ||    27
